 Dungeon Crawl Stone Soup version 0.14-a0-1613-gd720e3e (webtiles) character file.

641 Jenx the Conjurer (level 7, -5/36 HPs)
             Began as a Deep Elf Conjurer on Dec 22, 2013.
             Slain by an ice beast (9 damage)
             ... on Level 5 of the Dungeon on Dec 24, 2013.
             The game lasted 00:23:02 (4480 turns).

Jenx the Conjurer (Deep Elf Conjurer)               Turns: 4480, Time: 00:23:02

HP  -5/36        AC  7     Str  5      XL: 7   Next:  6%
MP   0/20        EV 13     Int 22      God:
Gold 97          SH  0     Dex 15      Spells:  4 memorised,  0 levels left

rFire  . . .     SeeInvis .     a - +2,+1 orc flail (protect)
rCold  . . .     Clarity  .     q - +0 orc robe
rNeg   . . .     Conserve .     (no shield)
rPois  .         rCorr    .     (no helmet)
rElec  .         rRot     .     (no cloak)
SustAb . .       Spirit   .     (no gloves)
rMut   .         Warding  .     (no boots)
Saprov . . .     Stasis   .     (no amulet)
                                (no ring)
                                (no ring)

@: slightly resistant to hostile enchantments, fairly stealthy
A: no striking features
a: no special abilities


You were on level 5 of the Dungeon.
You were not hungry.

You visited 1 branch of the dungeon, and saw 5 of its levels.

You collected 97 gold pieces.

Inventory:

Hand weapons
 a - a +2,+1 orcish flail of protection (weapon)
 b - a +0,+0 bow
Missiles
 n - 37 darts (quivered)
 u - 19 arrows
Armour
 q - a +0 orcish robe (worn)
Magical devices
 d - a wand of lightning (2)
Comestibles
 o - 2 bread rations
Scrolls
 e - a scroll of immolation
 h - a scroll of teleportation
 m - 4 scrolls of remove curse
 p - 3 scrolls of identify {unknown}
 t - a scroll of fog
 v - a scroll of recharging {unknown}
Jewellery
 s - an uncursed amulet of warding {unknown}
Potions
 f - a potion of speed {unknown}
 g - a potion of poison {unknown}
 i - 2 potions of curing {unknown}
 j - a potion of restore abilities {unknown}
 k - 2 potions of resistance {unknown}
 l - a potion of magic {unknown}
 r - 2 potions of might {unknown}
Books
 c - a book of Conjurations

   Spells                             Type                      Level
   *Magic Dart                        Conjuration                  1
   Searing Ray                        Conjuration                  2
   *Dazzling Spray                    Conjuration/Hexes            3
   *Iskenderun's Mystic Blast         Conjuration                  4
   *Iskenderun's Battlesphere         Conjuration/Charms           4
   Fulminant Prism                    Conjuration/Hexes            5


   Skills:
 - Level 2.4 Dodging
 - Level 2.4 Stealth
 - Level 3.0 Spellcasting
 * Level 9.3 Conjurations


You couldn't memorise any spells.
You knew the following spells:

 Your Spells              Type           Power        Failure   Level  Hunger
a - Magic Dart            Conj           ####         1%          1    None
b - Dazzling Spray        Conj/Hex       ###.....     8%          3    ###....
c - Iskenderun's Mystic   Conj           #####...     2%          4    ####...
d - Iskenderun's Battles  Conj/Chrm      ###.....     21%         4    ####...


Dungeon Overview and Level Annotations

Branches:
Dungeon (5/16)
 Temple: D:4-7

Altars:
Sif Muna

Shops:
D:4 }

Annotations:
D:3 Terence; ilii's ghost, experienced FoFi
D:4 Crystal ball - 500 gp


Message History

Casting: Dazzling Spray
Confirm with . or Enter, or press ? or * to list all spells.
Aiming: Magic Dart
Press: ? - help, Shift-Dir - straight line, f/p - ice beast
Aim: an ice beast (almost dead)
The magic dart hits the ice beast.
The ice beast is almost dead.
The ice beast hits you. The ice beast freezes you!
* * * LOW HITPOINT WARNING * * *
Casting: Magic Dart
Confirm with . or Enter, or press ? or * to list all spells.
Aiming: Dazzling Spray
Press: ? - help, Shift-Dir - straight line, f/p - ice beast
Aim: an ice beast (almost dead)
The spray of energy hits the ice beast.
The ice beast is almost dead.
The ice beast hits you.
* * * LOW HITPOINT WARNING * * *
The ice beast freezes you!
You die...

#### #a.. .
#... ...#...
.......
.......
....(...####
.........I@#
.........#.#
......#.#.#
###...#.#.#
#.. #.#<#
#... ..###
.. ... . ..#
.##


You could see an ice beast.

Vanquished Creatures
  3 ogres (D:4)
  An orc priest (D:4)
  A scorpion (D:4)
  A worker ant (D:4)
  2 orc wizards
  5 adders
  3 gnolls (D:2)
  A giant mite (D:3)
  An ooze (D:1)
  3 giant geckos
  12 orcs
  A giant cockroach (D:1)
  6 goblins
  4 hobgoblins
  3 jackals (D:2)
  8 kobolds
  A quokka (D:2)
  A ball python (D:4)
  8 bats
  6 giant newts
  7 rats
78 creatures vanquished.

Notes
Turn   | Place    | Note
--------------------------------------------------------------
     0 | D:1      | Jenx, the Deep Elf Conjurer, began the quest for the Orb.
     0 | D:1      | Reached XP level 1. HP: 10/10 MP: 5/5
   169 | D:1      | Reached XP level 2. HP: 12/15 MP: 0/8
   314 | D:1      | Reached skill level 5 in Conjurations
  1064 | D:1      | Upgraded the game from 0.14-a0-1585-g835621a to 0.14-a0-1590-g25a9b7f
  1284 | D:2      | Reached XP level 3. HP: 19/19 MP: 3/10
  1397 | D:2      | Upgraded the game from 0.14-a0-1590-g25a9b7f to 0.14-a0-1613-gd720e3e
  1405 | D:2      | Learned a level 3 spell: Dazzling Spray
  1587 | D:2      | Reached skill level 6 in Conjurations
  1837 | D:2      | Reached XP level 4. HP: 24/24 MP: 10/13
  2028 | D:2      | Found a deep blue altar of Sif Muna.
  2166 | D:3      | Noticed ilii's ghost (experienced FoFi)
  2519 | D:3      | Reached skill level 7 in Conjurations
  2519 | D:3      | Reached XP level 5. HP: 11/28 MP: 3/16
  2743 | D:3      | Noticed Terence
  3077 | D:4      | Found Cinger's Gadget Boutique.
  3420 | D:4      | Noticed an ogre
  3709 | D:4      | Noticed an ogre
  3715 | D:4      | Killed an ogre
  3715 | D:4      | Reached skill level 8 in Conjurations
  3715 | D:4      | Reached XP level 6. HP: 32/32 MP: 4/18
  3797 | D:4      | Killed an ogre
  3954 | D:4      | Noticed an ogre
  3977 | D:4      | Killed an ogre
  3977 | D:4      | Reached skill level 9 in Conjurations
  4046 | D:4      | Learned a level 4 spell: Iskenderun's Mystic Blast
  4346 | D:4      | Reached XP level 7. HP: 36/36 MP: 14/20
  4434 | D:4      | Learned a level 4 spell: Iskenderun's Battlesphere
  4458 | D:5      | Entered Level 5 of the Dungeon
  4480 | D:5      | Slain by an ice beast

Action                   |  1- 3 |  4- 6 |  7- 9 || total
-------------------------+-------+-------+-------++-------
Melee: Dagger            |    10 |       |       ||    10
       Short sword       |       |     6 |       ||     6
       Flail             |       |     6 |     6 ||    12
Throw: Dart              |       |     3 |       ||     3
 Cast: Magic Dart        |    69 |    62 |     5 ||   136
       Dazzling Spray    |     2 |    36 |     8 ||    46
Evoke: Wand              |       |     1 |       ||     1
  Use: Scroll            |     8 |     2 |       ||    10
